 Dungeon Crawl Stone Soup version 0.18-a0-1718-g40ea4b6 (webtiles) character file.

138 dvd the Sneak (level 5, -2/24 HPs)
             Began as a Spriggan Enchanter on Apr 8, 2016.
             Slain by an orc
             ... wielding a +0 flail
              (7 damage)
             ... on level 2 of the Dungeon.
             The game lasted 00:05:34 (1889 turns).

dvd the Sneak (Spriggan Enchanter)                  Turns: 1889, Time: 00:05:35

Health: -2/24      AC:  3    Str:  4 (6)  XL:     5   Next: 1%
Magic:  0/11       EV: 18    Int: 17 (18) God:
Gold:   116        SH:  0    Dex: 15 (16) Spells: 3 memorised, 5 levels left

rFire  . . .     SeeInvis +     a - +1 dagger
rCold  . . .     Gourm    .     b - +1 robe
rNeg   . . .     Faith    .     (shield restricted)
rPois  +         Spirit   .     (helmet restricted)
rElec  .         Dismiss  .     (no cloak)
rCorr  .         Reflect  .     (gloves unavailable)
SustAt .         Harm     .     (boots unavailable)
MR     .....                    (no amulet)
Stlth  ++++......               (no ring)
                                (no ring)

@: very slightly contaminated, drained, very quick, not resistant to hostile
enchantments, stealthy
A: unfitting armour, see invisible, herbivore 3, speed 3, poison resistance,
slow metabolism 2, strong 1
a: no special abilities


You were on level 2 of the Dungeon.
You were not hungry.

You visited 1 branch of the dungeon, and saw 3 of its levels.

You collected 116 gold pieces.

Inventory:

Hand Weapons
 a - a +1 dagger (weapon)
Missiles
 p - 30 arrows
 q - 5 stones (quivered)
Armour
 b - a +1 robe (worn)
Scrolls
 f - 3 scrolls of identify {unknown}
 g - a scroll of enchant armour {unknown}
 j - 2 scrolls of fog {unknown}
 k - a scroll of remove curse {unknown}
 m - a scroll of enchant weapon {unknown}
 n - 3 scrolls of amnesia {unknown}
 o - 2 scrolls of teleportation {unknown}
 u - a scroll of recharging {unknown}
 v - a scroll of magic mapping {unknown}
Potions
 e - a potion of haste {unknown}
 i - a potion of heal wounds {unknown}
 l - a potion of curing {unknown}
 r - a potion of berserk rage {unknown}
 s - a potion of degeneration
 t - a potion of ambrosia {unknown}
Books
 c - a book of Maledictions

   Spells                             Type                      Level
   a - Corona                         Hexes                        1
   b - Ensorcelled Hibernation        Hexes/Ice                    2
   c - Confuse                        Hexes                        3
   d - Tukima's Dance                 Hexes                        3
   e - Dazzling Spray                 Conjuration/Hexes            3
Comestibles
 d - 2 bread rations
 h - a slice of pizza


   Skills:
 + Level 1.1(0.8) Short Blades
 + Level 3.6(3.3) Dodging
 + Level 6.5(6.3) Stealth
 + Level 3.6(3.4) Spellcasting
 + Level 4.5(4.3) Hexes
 + Level 1.0(0.7) Ice Magic


You had 5 spell levels left.
You knew the following spells:

 Your Spells              Type           Power        Failure   Level  Hunger
a - Corona                Hex            ###....      2%          1    None
b - Ensorcelled Hibernat  Hex/Ice        ##....       12%         2    ##.....
c - Confuse               Hex            ###.....     10%         3    ###....


Dungeon Overview and Level Annotations

Branches:
Dungeon (3/15)

Altars:


Innate Abilities, Weirdness & Mutations

You are tiny and cannot use many weapons and most armour.
You have supernaturally acute eyesight.
You are a herbivore.
You cover ground extremely quickly.
You need consume almost no food.
Your system is resistant to poisons.
Your muscles are strong. (Str +2)


Message History

Aim: an orc wizard, wielding a dagger of draining and wearing a robe (slightly transparent, chance to defeat MR: 49%)
The orc wizard appears confused.
Unknown command.
You hit the orc.
The orc is heavily wounded.
The orc completely misses you.
You closely miss the orc.
The orc is heavily wounded.
The orc hits you with a flail!
* * * LOW HITPOINT WARNING * * *
Unknown command.
Read which item? (? for menu, Esc to quit)
Okay, then.
Unknown command.
Drink which item? (? for menu, Esc to quit)
It was a potion of degeneration.
There was something very wrong with that liquid.
You feel weakened.
You feel dopey.
You feel clumsy. The orc hits you with a flail!
You die...

######## ####
#......# ######
######... #......#
#....# #.....#.#
#......#
#[##.#####.###.#..
#......#
#.##.....#.# #.###
#......#
#.######.#.# #....
#####......#####o#
#...#######
....'......'...o@#
#....#
#####......#######
###### #.......##
###.......#
#.........#
#.........#
#.........#
#.........#
###.......#


You could see an orc wizard (confused) and an orc.

Vanquished Creatures
  An orc priest (D:2)
  Natasha (twice) (D:2)
  3 adders (D:2)
  An ooze (D:1)
  A worm (D:2)
  An orc (D:2)
  3 giant cockroaches (D:2)
  2 goblins (D:1)
  3 hobgoblins
  4 kobolds
  2 bats
  3 giant newts
  3 rats
29 creatures vanquished.

Notes
Turn   | Place    | Note
--------------------------------------------------------------
     0 | D:1      | dvd the Spriggan Enchanter began the quest for the Orb.
     0 | D:1      | Reached XP level 1. HP: 9/9 MP: 5/5
   121 | D:1      | Reached XP level 2. HP: 13/13 MP: 6/6
   126 | D:1      | Learned a level 2 spell: Ensorcelled Hibernation
   577 | D:2      | Reached skill level 5 in Stealth
   711 | D:2      | Gained mutation: Your system is resistant to poisons. [potion of beneficial mutation]
   900 | D:1      | Gained mutation: Your muscles are strong. (Str +2) [potion of beneficial mutation]
   944 | D:2      | Reached XP level 3. HP: 16/16 MP: 8/8
   949 | D:2      | Learned a level 3 spell: Confuse
  1087 | D:2      | Noticed Natasha
  1176 | D:2      | Killed Natasha
  1176 | D:2      | Reached XP level 4. HP: 16/21 MP: 6/9
  1508 | D:2      | Noticed Natasha
  1525 | D:2      | Killed Natasha
  1525 | D:2      | Reached skill level 6 in Stealth
  1525 | D:2      | Reached skill level 1 in Ice Magic
  1885 | D:2      | Reached XP level 5. HP: 13/24 MP: 2/11
  1889 | D:2      | Slain by an orc

Vault maps used:
D:1:      minmay_arrival_doors
D:2:      first_bread, uniq_natasha
D:3:      lemuel_crystal_altar

Skill      XL: |  1  2  3  4 |
---------------+-------------+-----
Hexes          | 4 |  4.5
Stealth        | 5 6 |  6.5
Spellcasting   | 3 |  3.6
Ice Magic      | 1 |  1.0
Short Blades   | |  1.1
Dodging        | |  3.6

Action                   |  1- 3 |  4- 6 || total
-------------------------+-------+-------++-------
Melee: Dagger            |    27 |    28 ||    55
 Cast: Corona            |     3 |     1 ||     4
       Ensorcelled Hiber |    13 |    10 ||    23
       Confuse           |       |     5 ||     5
  Use: Potion            |     2 |     1 ||     3
 Stab: Sleeping          |    16 |     5 ||    21
       Confused          |       |     3 ||     3
